 Dungeon Crawl Stone Soup version 0.24-a0-335-g06ca16a (webtiles) character file.

Game seed: 5346935161669552308

113 Borgoz the Cutter (level 5, 0/35 HPs)
             Began as a Halfling Gladiator on May 18, 2019.
             Slain by a gnoll
             ... wielding a +0 spear
              (2 damage)
             ... on level 3 of the Dungeon.
             The game lasted 00:02:50 (2399 turns).

Borgoz the Cutter (Halfling Gladiator)              Turns: 2399, Time: 00:02:51

Health: 0/35       AC:  6    Str: 16    XL:     5   Next: 17%
Magic:  5/5        EV: 15    Int:  6    God:
Gold:   65         SH:  0    Dex: 16    Spells: 4/4 levels left

rFire    + . .     SeeInvis .   a - +0 rapier
rCold    . . .     Gourm    .   (shield restricted)
rNeg     . . .     Faith    .   g - +0 ring mail
rPois    .         Spirit   .   c - +0 helmet
rElec    .         Reflect  .   (no cloak)
rCorr    .         Harm     .   (no gloves)
MR       .....     Rnd*Tele +   (no boots)
Stlth    +.........             (no amulet)
HPRegen  0.11/turn              k - ring of protection from fire
MPRegen  0.09/turn              o - ring of teleportation (curse)

@: no status effects
A: small, mutation resistance 1
a: no special abilities


You were on level 3 of the Dungeon.
You were not hungry.

You visited 1 branch of the dungeon, and saw 3 of its levels.

You collected 65 gold pieces.

Inventory:

Hand Weapons
 a - a +0 rapier (weapon)
 b - a +2 whip of draining
Missiles
 d - 3 throwing nets (quivered)
Armour
 c - a +0 helmet (worn)
 g - a +0 ring mail (worn)
 r - a +0 plate armour
Jewellery
 k - a ring of protection from fire (left hand)
 o - a cursed ring of teleportation (right hand)
Wands
 p - a wand of polymorph (11)
Scrolls
 e - 3 scrolls of identify {unknown}
 h - a scroll of fog {unknown}
 i - 2 scrolls of enchant weapon {unknown}
 l - a scroll of remove curse {unknown}
 q - a scroll of teleportation {unknown}
 s - a scroll of blinking {unknown}
Potions
 m - a potion of resistance
Comestibles
 f - 7 rations
 j - 3 chunks of flesh


   Skills:
 + Level 2.6 Fighting
 + Level 4.5 Short Blades
 - Level 2.0 Throwing
 + Level 2.1 Armour
 + Level 4.1 Dodging


You had 4 spell levels left.
You didn't know any spells.
Your spell library was empty.

Dungeon Overview and Level Annotations

Branches:
Dungeon (3/15)

Altars:
Zin


Innate Abilities, Weirdness & Mutations

You are small and have problems with some larger weapons.
You are somewhat resistant to further mutation.


Message History

You puncture the rat!
You kill the rat!
The gnoll barely misses you. The gnoll hits you with a +0 spear.
The orc closely misses you.
You hit the gnoll but do no damage. The gnoll closely misses you.
The orc closely misses you.
You hit the gnoll but do no damage. The gnoll barely misses you.
The orc hits you from afar with a +0 trident.
The orc priest calls down the wrath of Beogh upon you.
Beogh smites you!
You are too injured to fight recklessly!
You are too injured to fight recklessly!
The gnoll closely misses you.
The orc priest calls down the wrath of Beogh upon you.
Beogh smites you!
* * * LOW HITPOINT WARNING * * *
There is a stone staircase leading up here.
You see here a throwing net.
The gnoll hits you from afar with a +0 spear.
You die...

.. ................#
#.###....##.........#
...................#
#.##...#.##.........#
#.#....#.##.........# .
##.#......##..().....#
..#....................#
o.......[..#####)......#
.......@†.......##.>.###
........[##.>.....(.(#
.......og##....##....#
.........##....##.#.##
...............##.#.#
..................#.#
.........#)##.#####.#
.#...#........# ##.#
#.#..........# ##..#


You could see an orc priest, a gnoll and an orc.

Vanquished Creatures
  2 gnolls (D:3)
  5 adders (D:2)
  2 worms (D:2)
  A leopard gecko (D:1)
  4 orcs
  4 giant cockroaches
  4 goblins
  4 hobgoblins
  5 kobolds
  A quokka (D:3)
  A ball python (D:2)
  A bat (D:2)
  5 rats
39 creatures vanquished.

Notes
Turn   | Place    | Note
-------+----------+-------------------------------------------
     0 | D:1      | Borgoz the Halfling Gladiator began the quest for the Orb.
     0 | D:1      | Reached XP level 1. HP: 14/14 MP: 1/1
   283 | D:1      | Reached XP level 2. HP: 15/19 MP: 2/2
   771 | D:2      | Reached skill level 1 in Armour
   771 | D:2      | Reached XP level 3. HP: 19/24 MP: 3/3
   834 | D:2      | Found a glowing silver altar of Zin.
  1196 | D:2      | Reached XP level 4. HP: 29/30 MP: 4/4
  1549 | D:3      | Reached XP level 5. HP: 25/35 MP: 5/5
  2399 | D:3      | Slain by a gnoll

Levels and vault maps discovered:
D:1:      lightli_iron_boxes, layout_basic, minivault_27,
          chequers_decorated_corner
D:2:      layout_basic, lemuel_doored_altar, fountainhead
D:3:      layout_rooms, minitemple, first_ration

Skill      XL: |  1  2  3  4 |
---------------+-------------+-----
Fighting       | 2 |  2.6
Short Blades   | 4 |  4.5
Armour         | 1 2 |  2.1
Dodging        | 4 |  4.1
Throwing       | |  2.0

Action                   |  1- 3 |  4- 6 || total
-------------------------+-------+-------++-------
Melee: Rapier            |    75 |    88 ||   163
  Use: Potion            |       |     2 ||     2
  Eat: Chunk             |     1 |     4 ||     5
Armor: Leather armour    |     4 |       ||     4
       Ring mail         |    10 |    19 ||    29
Dodge: Dodged            |    50 |    94 ||   144

Table legend:
 A = Non-vault XP
 B = Vault XP
 C = Vault XP percentage of total XP
 D = Non-vault monster count
 E = Vault monster count
 F = Vault count percentage of total count
                 A         B        C        D         E       F
            +---------+---------+-------+---------+---------+-------
      Total |     162 |       0 |   0.0 |      39 |       0 |   0.0
            +---------+---------+-------+---------+---------+-------
        D:1 |      16 |       0 |   0.0 |       9 |       0 |   0.0
        D:2 |     100 |       0 |   0.0 |      19 |       0 |   0.0
        D:3 |      46 |       0 |   0.0 |      11 |       0 |   0.0
            +---------+---------+-------+---------+---------+-------
